 Dungeon Crawl Stone Soup version 0.20.1-1-g8b1a95d (webtiles) character file.

743 equalderp2856 the Shield-Bearer (level 7, -3/60 HPs)
             Began as a Minotaur Fighter on July 28, 2017.
             Slain by an orc warrior
             ... wielding a +0 hand axe
              (17 damage)
             ... on level 4 of the Dungeon.
             The game lasted 00:09:44 (4245 turns).

equalderp2856 the Shield-Bearer (Minotaur Fighter)  Turns: 4245, Time: 00:09:45

Health: -3/60      AC:  7    Str: 21    XL:     7   Next: 47%
Magic:  6/6        EV:  9    Int:  5    God:
Gold:   133        SH: 10    Dex: 11    Spells: 6/6 levels left

rFire    . . .     SeeInvis .   a - +0 war axe
rCold    . . .     Gourm    .   c - +0 shield
rNeg     . . .     Faith    .   b - +0 scale mail
rPois    .         Spirit   .   (helmet restricted)
rElec    .         Reflect  .   (no cloak)
rCorr    .         Harm     .   (no gloves)
MR       .....                  (no boots)
Stlth    ..........             (no amulet)
Regen    0.2/turn               (no ring)
MPRegen  0.1/turn               (no ring)

@: about to teleport
A: retaliatory headbutt, horns 2
a: no special abilities


You were on level 4 of the Dungeon.
You were not hungry.

You visited 1 branch of the dungeon, and saw 4 of its levels.

You collected 133 gold pieces.

Inventory:

Hand Weapons
 a - a +0 war axe (weapon)
 n - a +3 spear
 u - a +0 hunting sling
 w - a +1 dagger of holy wrath
 y - a +0 hunting sling
 G - a cursed -3 spear
 H - a +2 antimagic dagger
 J - a +0 antimagic short sword
 K - a +0 hunting sling
Missiles
 l - 209 stones (quivered)
 x - 23 bolts
 I - a throwing net
 L - 3 tomahawks
 M - 14 arrows
 U - 23 sling bullets
Armour
 b - a +0 scale mail (worn)
 c - a +0 shield (worn)
 e - a +0 chain mail
 m - a +0 robe
Magical Staves
 A - an uncursed staff of summoning {unknown}
Wands
 r - a wand of flame (28/48)
Scrolls
 g - a scroll of magic mapping {unknown}
 h - a scroll of random uselessness {unknown}
 k - 5 scrolls of identify
 o - 2 scrolls of amnesia {unknown}
 q - 2 scrolls of fear {unknown}
 s - a scroll of recharging {unknown}
 t - 2 scrolls of teleportation
 v - a scroll of immolation {unknown}
 B - a scroll of blinking {unknown}
 N - a scroll of noise {unknown}
 Q - a scroll of remove curse {unknown}
Potions
 d - 2 potions of might
 i - 3 potions of agility {unknown}
 j - 2 potions of heal wounds {unknown}
 z - 2 potions of invisibility
 C - a potion of curing {unknown}
 D - 2 potions of cancellation {unknown}
 O - a potion of flight {unknown}
 P - a potion of berserk rage {unknown}
 T - a potion of haste {unknown}
Books
 S - a book of Maledictions

   Spells                             Type                      Level
   a - Corona                         Hexes                        1
   b - Ensorcelled Hibernation        Hexes/Ice                    2
   c - Confuse                        Hexes                        3
   d - Tukima's Dance                 Hexes                        3
   e - Dazzling Spray                 Conjuration/Hexes            3
Comestibles
 f - 2 bread rations
 p - 2 meat rations
 E - a royal jelly
 F - 5 fruits


   Skills:
 + Level 4.9 Fighting
 + Level 6.0 Axes
 + Level 5.7 Armour
 + Level 2.5 Dodging
 + Level 6.3 Shields


You had 6 spell levels left.
You didn't know any spells.

Dungeon Overview and Level Annotations

Branches:
Dungeon (4/15)             Temple (0/1) D:4

Altars:
Hepliaklqana
Trog
Yredelemnul
The Shining One

Annotations:
D:4 1 runed door


Innate Abilities, Weirdness & Mutations

You reflexively headbutt those who attack you in melee.
You have a pair of horns on your head.


Message History

An orc comes into view. It is wielding a short sword.
There are monsters nearby!
An orc priest comes into view. It is wielding a morningstar.
The orc priest shouts!
You hear a shout!
The orc warrior hits you with a hand axe!!
The orc priest mumbles some strange prayers to Beogh against you.
Beogh smites you!
The orc priest calls down the wrath of Beogh upon you.
Pain shoots through your body!
* * * LOW HITPOINT WARNING * * *
There is an open door here.
You close the door.
An orc warrior opens the door.
There is an open door here.
The orc priest invokes the aid of Beogh against you.
Beogh smites you!
* * * LOW HITPOINT WARNING * * *
As you read the scroll labeled WAAM QEAFEXTOR, it crumbles to dust.
You feel strangely unstable.
It was a scroll of teleportation.
The orc warrior hits you with a hand axe!
You die...

##########
#........##################
#........#.....#>..........
#........#.....#...........
#........#.....#...........
#........#.....#...<.......
#........#....#########....
#........'....##.....##...#
#........#@....#.....######
#######>.......#o....#.....#.....
...............'.....#.....#.....
..............o#.....#<....#.....
..............o#########'###.....
.........[.......................
.......########..................
'#######......'.....#############
.......#....oo#.....#


You could see an orc warrior, an orc priest and an orc.

Vanquished Creatures
  3 eyes of draining (D:3)
  A big kobold (D:2)
  A bullfrog skeleton (D:4)
  A centaur skeleton (D:4)
  An iguana (D:4)
  2 worker ants (D:4)
  4 gnolls (D:3)
  13 adders
  An ooze (D:1)
  An adder skeleton (D:4)
  2 worms (D:2)
  A dart slug (D:2)
  3 leopard geckos
  3 orcs
  9 ball pythons
  6 bats
  3 giant cockroaches
  10 goblins
  7 hobgoblins
  12 jackals
  4 quokkas
  9 frilled lizards
  10 kobolds
  17 rats
124 creatures vanquished.

Notes
Turn   | Place    | Note
-------+----------+-------------------------------------------
     0 | D:1      | equalderp2856 the Minotaur Fighter began the quest for the Orb.
     0 | D:1      | Reached XP level 1. HP: 19/19 MP: 0/0
   289 | D:1      | Reached XP level 2. HP: 27/27 MP: 1/1
   604 | D:1      | Reached XP level 3. HP: 33/33 MP: 2/2
  1418 | D:2      | Found a transporter.
  1444 | D:2      | Found a transporter.
  1445 | D:2      | Noticed a big kobold
  1454 | D:2      | Found a hazy altar of Hepliaklqana.
  1472 | D:2      | Reached XP level 4. HP: 37/40 MP: 3/3
  1879 | D:2      | Reached skill level 1 in Dodging
  2162 | D:2      | Killed a big kobold
  2162 | D:2      | Reached skill level 5 in Shields
  2162 | D:2      | Reached XP level 5. HP: 29/46 MP: 4/4
  2577 | D:3      | Found a glowing golden altar of the Shining One.
  2622 | D:3      | Found a basalt altar of Yredelemnul.
  2827 | D:3      | Noticed an eye of draining
  2828 | D:3      | Found a bloodstained altar of Trog.
  2828 | D:3      | Noticed an eye of draining
  2829 | D:3      | Noticed an eye of draining
  2874 | D:3      | Killed an eye of draining
  2874 | D:3      | Reached skill level 5 in Armour
  2874 | D:3      | Reached XP level 6. HP: 34/53 MP: 0/5
  2880 | D:3      | Reached skill level 5 in Axes
  2891 | D:3      | Reached XP level 7. HP: 43/60 MP: 0/6
  3152 | D:3      | Noticed an angel
  3170 | D:3      | Noticed a profane servitor
  3630 | D:4      | Found a runed door.
  3960 | D:4      | Found a staircase to the Ecumenical Temple.
  4245 | D:4      | Slain by an orc warrior

Skill      XL: |  1  2  3  4  5  6  7 |
---------------+----------------------+-----
Armour         | 4 5 |  5.7
Shields        | 4 5 6 |  6.3
Axes           | 3 4 5 6 |  6.0
Dodging        | 1 2 |  2.5
Fighting       | 4 |  4.9

Action                   |  1- 3 |  4- 6 |  7- 9 || total
-------------------------+-------+-------+-------++-------
Melee: War axe           |   112 |   127 |    67 ||   306
       Headbutt          |    13 |    19 |    11 ||    43
  Use: Scroll            |       |     1 |     1 ||     2
  Eat: Chunk             |     1 |     5 |     5 ||    11
Armor: Scale mail        |    48 |    54 |    27 ||   129
Dodge: Dodged            |    27 |    50 |    25 ||   102
Block: Shield            |    62 |    70 |    38 ||   170
